 Dungeon Crawl Stone Soup version 0.25.1-2-g60ff931df9 (webtiles) character file.

Game seed: 6322245223169395680

3187 12sPaWn12 the Basher (level 9, -4/56 HPs)
             Began as a Gargoyle Fighter on Nov 21, 2020.
             Was a Follower of the Shining One.
             Killed from afar by Joseph (12 damage)
             ... with a bolt of acid
             ... on level 8 of the Dungeon.
             The game lasted 00:20:29 (11692 turns).

12sPaWn12 the Basher (Gargoyle Fighter)            Turns: 11692, Time: 00:20:30

Health: -4/56      AC: 18    Str: 22    XL:     9   Next: 95%
Magic:  18/18      EV:  9    Int: 10    God:    the Shining One [*.....]
Gold:   550        SH: 10    Dex:  9    Spells: 8/8 levels left

rFire    . . .     SeeInvis +   v - +4 flail
rCold    + . .     Gourm    .   c - +0 kite shield
rNeg     + . .     Faith    .   G - +7 Kryia's mail coat {PotionHeal*2 rC+}
rPois    ∞         Spirit   .   e - +0 helmet
rElec    +         Reflect  .   (no cloak)
rCorr    .         Harm     .   (no gloves)
MR       .....                  (no boots)
Stlth    ..........             (no amulet)
HPRegen  0.18/turn              q - ring of magical power
MPRegen  0.16/turn              s - ring of see invisible

@: corroded, glowing
A: negative energy resistance 1, electricity resistance, unbreathing,
petrification resistance, rot immunity, AC +6
a: Renounce Religion


You were on level 8 of the Dungeon.
You worshipped the Shining One.
The Shining One was aware of your devotion.
You were not hungry.

You visited 2 branches of the dungeon, and saw 9 of its levels.
You also visited: Ossuary.

You collected 550 gold pieces.

Inventory:

Hand Weapons
 v - a +4 flail (weapon)
Armour
 c - a +0 kite shield (worn)
 e - a +0 helmet (worn)
 G - the +7 Kryia's mail coat (worn) {PotionHeal*2 rC+}
   (You found it on level 8 of the Dungeon)

   It protects you from cold.
Jewellery
 q - a ring of magical power (left hand)
 s - a ring of see invisible (right hand)
Wands
 m - a wand of iceblast (8)
 r - a wand of flame (13)
 w - a wand of enslavement (6)
 x - a wand of paralysis (19)
Scrolls
 i - 7 scrolls of enchant weapon
 j - 8 scrolls of remove curse
 k - a scroll of fog
 u - a scroll of noise {unknown}
 y - a scroll of vulnerability {unknown}
 D - a scroll of identify
 E - a scroll of blinking {unknown}
 F - 4 scrolls of teleportation
Potions
 a - a potion of magic {unknown}
 d - 3 potions of might
 g - 2 potions of cancellation {unknown}
 h - a potion of ambrosia {unknown}
 l - 5 potions of degeneration
 n - 2 potions of lignification {unknown}
 o - 3 potions of haste {unknown}
 p - 4 potions of heal wounds {unknown}
 t - 2 potions of flight {unknown}
 z - a potion of invisibility
 A - 5 potions of curing
 B - a potion of berserk rage {unknown}
 C - a potion of resistance {unknown}
Comestibles
 f - 17 rations


   Skills:
 * Level 6.6 Fighting
 * Level 8.9 Maces & Flails
 * Level 6.7 Armour
 * Level 3.4 Dodging
 * Level 7.2 Shields


You had 8 spell levels left.
You didn't know any spells.
Your spell library contained the following spells:

 Spells                   Type           Power        Failure   Level  Hunger
 Summon Small Mammal      Summ           #...         94%         1    ##.....
 Call Imp                 Summ           #.......     98%         2    ###....
 Call Canine Familiar     Summ           #.......     100%        3    ####...
 Summon Guardian Golem    Hex/Summ       #.......     100%        3    ####...
 Summon Ice Beast         Ice/Summ       #.......     100%        4    #####..
 Summon Lightning Spire   Summ/Air       #.......     100%        4    #####..


Dungeon Overview and Level Annotations

Branches:
Dungeon (8/15)             Temple (1/1) D:7         Ossuary (visited)
   Lair: D:8-11

Altars:
Ashenzari
Cheibriados
Dithmenos
Elyvilon
Fedhas
Gozag
Hepliaklqana
Kikubaaqudgha
Makhleb
Nemelex Xobeh
Okawaru
Qazlal
Ru
Sif Muna
Trog
Uskayaw
Vehumet
Wu Jian
Xom
Yredelemnul
Zin
The Shining One

Shops:
D:5 [   D:6 *

Annotations:
D:6 3 runed translucent doors, ew1980's ghost, novice GnTm
D:8 Joseph


Innate Abilities, Weirdness & Mutations

You are resistant to torment.
Your stone body is resilient. (AC +6)
You are immune to poison.
You resist negative energy. (rN+)
You are resistant to electric shocks. (rElec)
You can survive without breathing.
You are immune to petrification.
You are immune to rotting.


Message History

You are too injured to fight recklessly!
You are too injured to fight recklessly!
You are too injured to fight recklessly!
You are too injured to fight recklessly!
You are too injured to fight recklessly!
You are too injured to fight recklessly!
You are too injured to fight recklessly!
You are too injured to fight recklessly!
You are too injured to fight recklessly!
You are too injured to fight recklessly!
You are too injured to fight recklessly!
You are too injured to fight recklessly!
You are too injured to fight recklessly!
You are too injured to fight recklessly!
Joseph zaps a wand.
The bolt of acid misses you.
Joseph unwields a +0 quarterstaff.
Joseph wields a +0 hunting sling.
Joseph shoots a sling bullet.
The sling bullet barely misses you. Joseph says, "I'm happy to see you.
And I'll be happy to kill you."
Joseph zaps a wand.
The bolt of acid hits you!
You die...

#.#.########
............'.....# .....
#.###########.....#.......
......... +.....'.>........#
#.####### #.....#..........#
#.####### #.....#..........#
#.......#####...(............#
#..#...).....................#
...#.#.....#....@............##
...#.#.....#....#..............
#..#.#.....#....##.....(.......
<..#.#..........###............
..##.#......#...# #..(.........
..##.#......#...# ##@..........
.#...#......#...##.............
.#...#......#...##.##..........
.+...########...##. #..........


You could see Joseph.

Vanquished Creatures
  Grinder (D:5)
  2 hippogriffs
  2 wraiths (Ossuary)
  Duvessa (D:4)
  2 ice beasts
  An orc warrior (D:8)
  A phantom (D:3)
  A centaur (D:7)
  3 ogres
  2 bullfrogs
  A gnoll sergeant (D:7)
  Dowan (D:4)
  3 wights (Ossuary)
  A howler monkey (D:6)
  A centaur zombie (Ossuary)
  A crimson imp (D:6)
  2 bullfrog zombies
  4 orc priests
  3 bullfrog skeletons
  4 hounds
  A jelly (D:6)
  2 iguanas
  2 orc wizards
  A centaur skeleton (D:4)
  6 worker ants
  A hound zombie (D:3)
  8 adders
  7 gnolls
  4 shadow imps
  An adder zombie (Ossuary)
  An adder skeleton (D:3)
  3 worms
  A dart slug (D:2)
  5 leopard geckos
  41 orcs
  8 bats
  8 giant cockroaches
  8 hobgoblins
  3 jackals (D:6)
  12 kobolds
  4 ball pythons
  A ball python skeleton (D:4)
  4 frilled lizards
  9 goblins
  3 hobgoblin skeletons (Ossuary)
  2 kobold zombies (Ossuary)
  An orc skeleton (Ossuary)
  An orc zombie (Ossuary)
  8 rats
193 creatures vanquished.

Notes
Turn   | Place    | Note
-------+----------+-------------------------------------------
     0 | D:1      | 12sPaWn12 the Gargoyle Fighter began the quest for the Orb.
     0 | D:1      | Reached XP level 1. HP: 14/14 MP: 1/1
   257 | D:1      | Reached XP level 2. HP: 18/19 MP: 2/2
   670 | D:1      | Reached XP level 3. HP: 18/23 MP: 3/3
  1324 | D:2      | Reached XP level 4. HP: 22/29 MP: 4/4
  1552 | D:2      | Reached skill level 3 in Maces & Flails
  1909 | D:2      | Reached XP level 5. HP: 25/33 MP: 5/5
  3319 | D:3      | Noticed a phantom
  3404 | D:3      | Killed a phantom
  3404 | D:3      | Reached skill level 4 in Maces & Flails
  3404 | D:3      | Reached skill level 1 in Dodging
  3404 | D:3      | Reached XP level 6. HP: 25/38 MP: 6/6
  3630 | D:3      | Found a snail-covered altar of Cheibriados.
  3715 | D:3      | Found a shattered altar of Ashenzari.
  4006 | D:4      | Noticed Duvessa
  4012 | D:4      | Noticed Dowan
  4267 | D:4      | Killed Duvessa
  4491 | D:4      | Killed Dowan
  4491 | D:4      | Reached XP level 7. HP: 43/44 MP: 7/7
  4739 | D:4      | Reached skill level 5 in Shields
  5682 | D:4      | Reached skill level 5 in Maces & Flails
  5905 | D:4      | Reached skill level 5 in Armour
  5973 | D:5      | Entered Level 5 of the Dungeon
  5973 | D:5      | Found a basalt altar of Yredelemnul.
  6115 | D:5      | Found Yrorora's Armour Boutique.
  6153 | D:5      | Found an opulent altar of Gozag.
  6501 | D:5      | Found a basalt altar of Yredelemnul.
  6581 | D:5      | Found a white marble altar of Elyvilon.
  6667 | D:5      | Became a worshipper of Elyvilon the Healer
  6734 | D:5      | Reached XP level 8. HP: 38/48 MP: 8/8
  6965 | D:5      | Noticed Grinder
  7150 | D:5      | Paralysed by Grinder for 5 turns
  7416 | D:5      | Paralysed by Grinder for 7 turns
  7426 | D:5      | Paralysed by Grinder for 4 turns
  7433 | D:5      | Killed Grinder
  7433 | D:5      | Reached skill level 5 in Fighting
  7433 | D:5      | Reached skill level 6 in Maces & Flails
  8100 | D:6      | Noticed a hippogriff
  8158 | D:6      | Found Jaymeokk's Assorted Antiques.
  8169 | D:6      | Killed a hippogriff
  8169 | D:6      | Reached skill level 7 in Maces & Flails
  8228 | D:6      | Reached XP level 9. HP: 24/54 MP: 9/9
  8280 | D:6      | Reached * piety under Elyvilon
  8295 | D:6      | Found a burning altar of Makhleb.
  8359 | D:6      | Found a sand-covered staircase.
  8369 | Ossuary  | Entered an ossuary
  9302 | D:6      | Found a runed translucent gate.
  9303 | D:6      | Found a runed translucent gate.
  9304 | D:6      | Found a runed translucent gate.
  9304 | D:6      | Noticed ew1980's ghost (novice GnTm)
  9522 | D:7      | Reached skill level 8 in Maces & Flails
  9627 | D:7      | Found a stormy altar of Qazlal.
  9718 | D:7      | Reached ** piety under Elyvilon
  9763 | D:7      | Found a staircase to the Ecumenical Temple.
 10325 | Temple   | Entered the Ecumenical Temple
 10475 | Temple   | Fell from the grace of Elyvilon
 10475 | Temple   | Became a worshipper of the Shining One
 10475 | Temple   | Reached * piety under the Shining One
 10602 | D:8      | Noticed a two-headed ogre
 11410 | D:8      | Found the +7 Kryia's mail coat {PotionHeal*2 rC+}
 11677 | D:8      | Noticed Joseph
 11692 | D:8      | Killed from afar by Joseph

Illustrated notes

Levels and vault maps discovered:
D:1:      heliophobic_arrival_enchanted_forest, layout_basic,
          chequers_serial_rivers_large_b, minmay_pentomino_x2
D:2:      layout_basic
D:3:      layout_loops_ring, evilmike_ruin_ashenzari, old_standard_altar
D:4:      layout_cave_pods, serial_rivers, chequers_serial_rivers_micro_c,
          chequers_serial_rivers_micro_a, chequers_serial_rivers_small_a,
          chequers_serial_rivers_micro_d, chequers_serial_rivers_micro_a,
          chequers_serial_rivers_micro_b, first_ration, uniq_duvessa
D:5:      layout_loops_corners, kennysheep_ying_yang,
          nicolae_gozag_cash_rules_everything_around_me, serial_shops,
          nicolae_shop_waterfront, yredelemnul_altar_generic, uniq_grinder
D:6:      hangedman_cross_stitches, layout_basic, makhleb_heckhound_becter,
          serial_shops, nicolae_shop_overgrown_old_shop,
          nicolae_ossuary_entry_monument, gammafunk_ghost_split
D:7:      layout_loops_ring, minmay_temple_entry_antechambers, grunt_ogre_cave,
          grunt_qazlal_sundering
D:8:      layout_basic, special_room [special_room_orc], uniq_joseph
Temple:   nicolae_temple_elliptical

Skill      XL: |  1  2  3  4  5  6  7  8  9 |
---------------+----------------------------+-----
Maces & Flails | 3 4 5 7 8 |  8.9
Armour         | 4 5 6 |  6.7
Shields        | 4 5 6 7 |  7.2
Fighting       | 4 5 6 |  6.6
Dodging        | 1 2 3 |  3.4

Action                   |  1- 3 |  4- 6 |  7- 9 || total
-------------------------+-------+-------+-------++-------
Melee: Flail             |   133 |   273 |   531 ||   937
  Use: Scroll            |       |     2 |     6 ||     8
       Potion            |       |       |     2 ||     2
  Eat: Chunk             |     2 |     9 |    18 ||    29
       Ration            |       |       |     2 ||     2
Armor: Scale mail        |    78 |   142 |   154 ||   374
       Ring mail         |       |       |    50 ||    50
Dodge: Dodged            |    31 |    71 |   178 ||   280
Block: Kite shield       |    75 |   160 |   270 ||   505
